 Dungeon Crawl Stone Soup version 0.22-a0-281-g2e20325899 (webtiles) character file.

23 GordonOverkill the Vexing (level 3, -1/29 HPs)
             Began as a Hill Orc Enchanter on Mar 17, 2018.
             Killed by divine providence
             ... invoked by an orc priest
              (13 damage)
             ... on level 1 of the Dungeon.
             The game lasted 00:03:05 (1511 turns).

GordonOverkill the Vexing (Hill Orc Enchanter)      Turns: 1511, Time: 00:03:06

Health: -1/29      AC:  3    Str: 11    XL:     3   Next: 0%
Magic:  5/5        EV: 12    Int: 20    God:
Gold:   54         SH:  0    Dex: 11    Spells: 2/5 levels left

rFire    . . .     SeeInvis .   a - +1 dagger
rCold    . . .     Gourm    .   (no shield)
rNeg     . . .     Faith    .   b - +0 robe
rPois    .         Spirit   .   (no helmet)
rElec    .         Reflect  .   (no cloak)
rCorr    .         Harm     .   (no gloves)
MR       .....                  i - +0 pair of boots
Stlth    ++........             (no amulet)
HPRegen  0.09/turn              (no ring)
MPRegen  0.09/turn              (no ring)

@: brilliant, flying, very slightly contaminated
A: no striking features
a: Convert to Beogh


You were on level 1 of the Dungeon.
You were hungry.

You visited 1 branch of the dungeon, and saw 2 of its levels.

You collected 54 gold pieces.

Inventory:

Hand Weapons
 a - a +1 dagger (weapon)
 c - a +0 hand axe
Armour
 b - a +0 robe (worn)
 i - a +0 pair of boots (worn)
Scrolls
 e - a scroll of amnesia {unknown}
 g - a scroll of identify {unknown}
 h - 2 scrolls of magic mapping {unknown}
 k - 2 scrolls of immolation {unknown}
 l - a scroll of remove curse {unknown}
Potions
 o - a potion of lignification {unknown}
Comestibles
 d - 3 rations
 j - 2 chunks of flesh


   Skills:
 + Level 2.2 Fighting
 - Level 1.0 Short Blades
 + Level 2.0 Axes
 - Level 1.5 Dodging
 - Level 2.4 Stealth
 - Level 1.5 Spellcasting
 - Level 3.0 Hexes


You had 2 spell levels left.
You knew the following spells:

 Your Spells              Type           Power        Failure   Level  Hunger
a - Corona                Hex            ####...      1%          1    #......
b - Ensorcelled Hibernat  Hex/Ice        ###...       1%          2    ###....


Dungeon Overview and Level Annotations

Branches:
Dungeon (2/15)

Altars:


Message History

Aiming: Corona (safe; 7% risk of failure)
Press: ? - help, Shift-Dir - straight line, f/p - orc priest
Aim: an orc priest, wielding a hand axe (chance to defeat MR: 46%)
The orc priest resists with significant effort.
You are feeling hungry.
The orc priest hits you but does no damage.
The orc hits you.
It was a potion of flight.
You feel very buoyant.
You fly up into the air.
The orc priest hits you with a hand axe.
The orc hits you but does no damage.
It was a potion of magic.
Magic courses through your body. The orc priest barely misses you.
The orc hits you.
It was a potion of brilliance.
You feel clever all of a sudden. The orc hits you but does no damage.
The orc priest invokes the aid of Beogh against you.
Beogh smites you!
You die...

........###..#.#.....#.### #.#
#######.# ##.#.###.#.#...# #.#
...# #.# #...###.#.###.# #.#
.#.####.# ##..........#.# #.#
.#....#.#####........#.#.# #.#
.####.#..........#.###.รท.###.#
....#.##)........#...#.......#
###.#.......#.#..###.#.#.#####
..#.#####.#.#..o@###.#.#....#
..#.......#....#o#.....##.#.#
..#####........#.#.#......#.#
..# #..........#....#####.#
..#####........#......### #.#
.........##'##.#####....# #.#
..######.##.##........#.# #.#
..# #.##.###########.# #.# ..#
#....# #.###.#


You could see an orc priest and an orc.

Vanquished Creatures
  3 leopard geckos (D:1)
  2 giant cockroaches
  6 goblins
  A hobgoblin (D:1)
  4 kobolds
  3 frilled lizards
  A rat (D:1)
20 creatures vanquished.

Notes
Turn   | Place    | Note
-------+----------+-------------------------------------------
     0 | D:1      | GordonOverkill the Hill Orc Enchanter began the quest for the Orb.
     0 | D:1      | Reached XP level 1. HP: 14/14 MP: 3/3
    21 | D:1      | Reached skill level 1 in Fighting
   374 | D:1      | Reached skill level 1 in Axes
   374 | D:1      | Reached XP level 2. HP: 23/23 MP: 2/4
   977 | D:1      | Learned a level 2 spell: Ensorcelled Hibernation
  1348 | D:2      | Reached XP level 3. HP: 29/29 MP: 5/5
  1511 | D:1      | Killed from afar by an orc priest

Vault maps used:
D:1:      minmay_arrival_radiant_lines
D:2:      cheibrodos_pilgrimage, gammafunk_temple_overflow_claw,
          nicolae_overflow_hidden_temple, uniq_robin

Skill      XL: |  1  2 |
---------------+-------+-----
Fighting       | 1 2 |  2.2
Axes           | 1 2 |  2.0
Short Blades   | |  1.0
Dodging        | |  1.5
Stealth        | |  2.4
Spellcasting   | |  1.5
Hexes          | |  3.0

Action                   || total
-------------------------++-------
Melee: Dagger            ||    62
 Cast: Corona            ||    17
       Ensorcelled Hiber ||     2
  Use: Potion            ||     3
 Stab: Sleeping          ||     6
  Eat: Chunk             ||     2
Armor: Robe              ||    15
Dodge: Dodged            ||    28

Table legend:
 A = Spawn XP
 B = Non-spawn XP
 C = Spawn XP percentage of total XP
 D = Spawn monster count
 E = Non-spawn monster count
 F = Spawn count percentage of total count
 G = Total turns spent on level
                    A         B        C        D         E        F      G
               +---------+---------+-------+---------+---------+-------+---------
         Total |       0 |      34 |   0.0 |       0 |      20 |   0.0 |  1511
               +---------+---------+-------+---------+---------+-------+---------
           D:1 |       0 |      27 |   0.0 |       0 |      15 |   0.0 |  1318
           D:2 |       0 |       7 |   0.0 |       0 |       5 |   0.0 |   193
               +---------+---------+-------+---------+---------+-------+---------
